 Dungeon Crawl Stone Soup version 0.23.0 (webtiles) character file.

Game seed: 4058981904304210432

149 LostNumber the Skirmisher (level 5, -5/49 HPs)
             Began as a Gargoyle Hunter on Feb 16, 2019.
             Killed by divine providence
             ... invoked by an orc priest
              (8 damage)
             ... on level 3 of the Dungeon.
             The game lasted 00:04:26 (2652 turns).

LostNumber the Skirmisher (Gargoyle Hunter)         Turns: 2652, Time: 00:04:27

Health: -5/49      AC: 22    Str: 17    XL:     5   Next: 31%
Magic:  5/5        EV:  2    Int: 11    God:
Gold:   179        SH:  4    Dex: 15    Spells: 4/4 levels left

rFire    . . .     SeeInvis .   u - +0 mace
rCold    . . .     Gourm    .   n - +0 buckler
rNeg     + + +     Faith    .   (armour currently unavailable)
rPois    ∞         Spirit   .   (helmet currently unavailable)
rElec    .         Reflect  .   (cloak currently unavailable)
rCorr    .         Harm     .   (gloves currently unavailable)
MR       .....     NoTele   +   (boots currently unavailable)
Stlth    +++.......             (no amulet)
HPRegen  0.16/turn              (no ring)
MPRegen  0.09/turn              (no ring)

@: agile, tree-form
A: negative energy resistance 1, petrification resistance, rot immunity, AC +4
a: no special abilities


You were on level 3 of the Dungeon.
You were not hungry.
You were a tree.
You visited 1 branch of the dungeon, and saw 3 of its levels.

You collected 179 gold pieces.

Inventory:

Hand Weapons
 a - a +0 short sword
 u - a +0 mace (weapon)
   (You took it off a kobold on level 2 of the Dungeon)
Missiles
 c - 5 javelins (quivered)
 d - 2 throwing nets {!f}
Armour
 b - a +0 leather armour
 f - a +0 ring mail
   (You found it on level 1 of the Dungeon)
 n - a +0 buckler (worn)
   (You found it on level 1 of the Dungeon)
 w - a +0 plate armour (melded)
   (You found it on level 3 of the Dungeon)
Jewellery
 l - an uncursed ring of see invisible {unknown}
   (You found it on level 1 of the Dungeon)
 x - an uncursed ring of flight {unknown}
   (You found it on level 3 of the Dungeon)
 y - a cursed -2 ring of intelligence {unknown}
   (You found it on level 3 of the Dungeon)
Scrolls
 h - 7 scrolls of identify {unknown}
 j - 2 scrolls of enchant weapon {unknown}
 k - a scroll of fog {unknown}
 m - a scroll of noise {unknown}
 o - 2 scrolls of teleportation {unknown}
 q - 3 scrolls of magic mapping {unknown}
 s - a scroll of immolation {unknown}
 v - 3 scrolls of remove curse {unknown}
Potions
 g - a potion of heal wounds {unknown}
 r - a potion of might
Comestibles
 e - 4 rations {!d}
 p - 7 chunks of flesh


   Skills:
 + Level 4.2 Fighting
 * Level 1.4 Maces & Flails
 - Level 3.6 Throwing
 + Level 2.3 Armour
 - Level 1.5 Dodging
 - Level 1.1 Stealth
 + Level 1.9 Shields


You had 4 spell levels left.
You didn't know any spells.
Your spell library was empty.

Dungeon Overview and Level Annotations

Branches:
Dungeon (3/15)

Altars:


Innate Abilities, Weirdness & Mutations

You are resistant to torment.
((Your stone body is resilient. (AC +4)))
You are immune to poison.
You resist negative energy. (rN+)
((You are resistant to electric shocks. (rElec)))
((You can survive without breathing.))
You are immune to petrification.
You are immune to rotting.


Message History

The orc wizard casts a spell at you. The puff of flame hits you.
You hit the orc wizard but do no damage.
You block the orc wizard's attack.
Your plate armour prevents you from hitting the orc wizard.
The orc wizard completely misses you.
You hit the orc wizard.
The orc priest looks braver for a moment.
The orc wizard hits you but does no damage. x2
Your plate armour prevents you from hitting the orc wizard.
You block the orc wizard's attack.
You hit the orc wizard.
The orc wizard hits you but does no damage.
You hit the orc wizard but do no damage.
The orc wizard hits you but does no damage.
The orc priest casts a cantrip, but nothing happens.
The orc wizard hits you but does no damage.
You hit the orc wizard.
The orc wizard points at you and mumbles some strange words.
The puff of frost hits you!
* * * LOW HITPOINT WARNING * * *
You hit the orc wizard.
The orc wizard hits you but does no damage.
Your plate armour prevents you from hitting the orc wizard.
The orc wizard gestures at you while chanting.
The magic dart hits you but does no damage.
The orc wizard hits you but does no damage.
You closely miss the orc wizard.
The orc priest mumbles some strange prayers to Beogh against you.
Beogh smites you!
* * * LOW HITPOINT WARNING * * *
The orc wizard hits you but does no damage.
You hit the orc wizard but do no damage.
The orc wizard casts a spell at you.
The puff of flame hits you but does no damage.
You barely miss the orc wizard.
The orc wizard hits you but does no damage.
The orc wizard barely misses you.
It was a potion of lignification.
You turn into a tree.
Your +0 plate armour melds into your body.
Your roots penetrate the ground.
The orc wizard mumbles some strange words.
The orc wizard seems to speed up.
It was a potion of agility.
You feel agile all of a sudden.
The orc wizard points at you and mumbles some strange words.
The puff of flame hits you but does no damage.
The orc priest mumbles some strange prayers to Beogh against you.
Beogh smites you!
You die...

######### ##.........
#.........#
#.........###########
##............♣oo.....
.#..........###########
#.#.........#.........
#.#......####.########
#...........#.######
............÷........
.####.......#.####.#.
.# #.##......#
.####.##........#


You could see an orc priest and an orc wizard.

Vanquished Creatures
  8 adders
  2 worms (D:2)
  A dart slug (D:2)
  2 orcs (D:3)
  3 giant cockroaches
  9 goblins
  5 hobgoblins
  12 jackals
  8 kobolds
  A quokka (D:2)
  4 ball pythons
  2 bats
  3 frilled lizards (D:2)
  6 rats
66 creatures vanquished.

Notes
Turn   | Place    | Note
-------+----------+-------------------------------------------
     0 | D:1      | LostNumber the Gargoyle Hunter began the quest for the Orb.
     0 | D:1      | Reached XP level 1. HP: 12/12 MP: 1/1
   213 | D:1      | Reached XP level 2. HP: 10/18 MP: 2/2
   377 | D:1      | Reached skill level 1 in Armour
   557 | D:1      | Reached skill level 3 in Fighting
  1032 | D:2      | Reached XP level 3. HP: 20/23 MP: 3/3
  1230 | D:2      | Reached skill level 1 in Shields
  1471 | D:2      | Reached XP level 4. HP: 25/29 MP: 4/4
  1925 | D:2      | Reached skill level 4 in Fighting
  2149 | D:2      | Reached skill level 1 in Maces & Flails
  2389 | D:3      | Reached XP level 5. HP: 30/33 MP: 5/5
  2652 | D:3      | Killed from afar by an orc priest

Skill      XL: |  1  2  3  4 |
---------------+-------------+-----
Armour         | 1 2 |  2.3
Fighting       | 3 4 |  4.2
Shields        | 1 |  1.9
Maces & Flails | 1 |  1.4
Throwing       | |  3.6
Dodging        | |  1.5
Stealth        | |  1.1

Action                   |  1- 3 |  4- 6 || total
-------------------------+-------+-------++-------
Melee: Short sword       |   131 |    58 ||   189
       Mace              |       |   135 ||   135
Throw: Javelin           |     3 |       ||     3
  Use: Potion            |       |     2 ||     2
 Stab: Sleeping          |     1 |       ||     1
  Eat: Chunk             |     2 |     4 ||     6
Armor: Leather armour    |    45 |       ||    45
       Ring mail         |    13 |    83 ||    96
       Plate armour      |       |    40 ||    40
       Skin              |       |     1 ||     1
Dodge: Dodged            |    93 |   111 ||   204
Block: Buckler           |     3 |    23 ||    26
